 Dungeon Crawl Stone Soup version 0.31-a0-4-gefa6de2278 (webtiles) character file.

Game seed: 17370981173517449600

277 ytrimaz the Ducker (level 6, -3/40 HPs)
             Began as a Djinni Air Elementalist on May 3, 2023.
             Killed by miscasting Airstrike (10 damage)
             ... in an ossuary.
             The game lasted 00:03:37 (2435 turns).

ytrimaz the Ducker (Djinni Air Elementalist)        Turns: 2435, Time: 00:03:38

Health: -3/40      AC:  2    Str:  7    XL:     6   Next: 51%
Gold:   103        EV: 14    Int: 19    God:
                   SH:  0    Dex: 13

rFire   + + .        (no weapon)
rCold   x . .        (no shield)
rNeg    . . .        a - +0 robe
rPois   ∞            (no helmet)
rElec   .            (no cloak)
rCorr   .            (no gloves)
SInv    +            (boots unavailable)
Will    .....        (no amulet)
Stlth   ++           d - ring of see invisible
HPRegen 0.26/turn    (no ring)
MPRegen 0.00/turn

%: infuse magic (-4 HP)
@: marked, flying, very slightly contaminated
A: sickness immunity, fire resistance 2, cold vulnerability 1, float, innate
caster, HP casting, extra vitality 1
a: no special abilities


You were in an ossuary.
You visited 1 branch of the dungeon, and saw 4 of its levels.
You also visited: Ossuary.

You collected 103 gold pieces.


Innate Abilities, Weirdness & Mutations

You are immune to sickness and miasma.
You are immune to poison.
Your flesh is very heat resistant. (rF++)
You are vulnerable to cold. (rC-)
You float through the air rather than walking.
You learn spells naturally, not from books.
Your magical power is your life essence.
You have superior vitality. (+4 MHP)


   Skills:
 + Level 5.1 Dodging
 - Level 1.5 Stealth
 + Level 4.1 Spellcasting


You knew the following spells:

 Your Spells              Type           Power      Damage    Failure   Level
a - Shock                 Conj/Air       76%        1d7       2%          1
b - Static Discharge      Conj/Air       38%        2-4/arc   3%          2
c - Swiftness             Air            19%        N/A       8%          3
d - Airstrike             Air            9%         2d(2-18)  26%         4
e - Wereblood             Tmut           19%        N/A       3%          2
f - Sting                 Tmut/Pois      76%        1d6       2%          1
Your spell library was empty.

Inventory:

Armour
 a - a +0 robe (worn)
Jewellery
 d - a ring of see invisible (left hand)
   (You found it on level 3 of the Dungeon)
 f - a ring of fire
   (You found it on level 1 of the Dungeon)
Wands
 h - a wand of roots (7)
   (You found it on level 3 of the Dungeon)
Scrolls
 e - a scroll of amnesia
Potions
 b - a potion of heal wounds {unknown}
 c - 2 potions of ambrosia
 g - 2 potions of curing
 i - 2 potions of resistance
 j - a potion of attraction {unknown}

Dungeon Overview and Level Annotations

Branches:
Dungeon (6/15) Zot: 22036 Ossuary (1/1) Zot: 5530
 Temple: D:4-7

Altars:

.#.....∩M# #...# .#
......# #...# .#
.....# #...# M#
..Z.### #.M.# .#
M..Z. #...# .# #MZ#
#...# .# #..# #...#
.# #.Z# #...#
.######ZZ######.@.#
....M.MZ..........#
....Z.8..8........#
......Z...........#
..................#
###################


You could see a mummy.


Message History

The zap hits the human zombie. x2; The zap hits the mummy.
* * * LOW HITPOINT WARNING * * *
😨 HP[-1]
You take 1 damage, and now have 11/40 hp.
Aiming: Shock (safe; 3% risk of failure)
Press: ? - help, Q - select action, (/) - cycle Shift-Dir - straight line, f/p - human zombie
Aim: a human zombie (almost destroyed, 79% to hit)
The zap hits the human zombie.
You destroy the human zombie!
The zap hits the human zombie.
The zap hits the mummy.
* * * LOW HITPOINT WARNING * * *
😱 HP[-1]
You take 1 damage, and now have 10/40 hp.
Aiming: Shock (safe; 2% risk of failure)
Press: ? - help, Q - select action, (/) - cycle Shift-Dir - straight line, f - human zombie
Aim: a human zombie (heavily damaged, 79% to hit)
The zap hits the human zombie!
The zap hits the mummy.
* * * LOW HITPOINT WARNING * * *
Your magical contamination has completely faded away.
Aiming: Shock (safe; 2% risk of failure)
Press: ? - help, Q - select action, (/) - cycle Shift-Dir - straight line, f/p - human zombie
Aim: a human zombie (severely damaged, 79% to hit)
The zap hits the human zombie.
The zap hits the mummy.
* * * LOW HITPOINT WARNING * * *
😱 HP[-1]
You take 1 damage, and now have 9/40 hp.
Aiming: Shock (safe; 2% risk of failure)
Press: ? - help, Q - select action, (/) - cycle Shift-Dir - straight line, p - human zombie The zap hits the human zombie.
The zap hits the mummy.
You destroy the mummy!
* * * LOW HITPOINT WARNING * * *
Your Dodging skill increases to level 5!
Your Spellcasting skill increases to level 4! 😱 HP[-1]
You take 1 damage, and now have 8/40 hp. 😱 HP[+1]
Aiming: Shock (safe; 2% risk of failure)
Press: ? - help, Q - select action, (/) - cycle Shift-Dir - straight line That beam is likely to hit you.
Continue anyway?
Okay, then.
Aiming: Shock (safe; 2% risk of failure)
Press: ? - help, Q - select action, (/) - cycle Shift-Dir - straight line, f - human zombie
Aim: a human zombie (almost destroyed, 79% to hit)
The zap hits the human zombie.
* * * LOW HITPOINT WARNING * * *
The human zombie closely misses you.
Unknown command.
Aiming: Shock (safe; 2% risk of failure)
Press: ? - help, Q - select action, (/) - cycle Shift-Dir - straight line, f/p - human zombie
Aim: a human zombie (almost destroyed, 79% to hit)
The zap hits the human zombie.
You destroy the human zombie!
* * * LOW HITPOINT WARNING * * *
Unknown command. 😱 HP[+1]
Aiming: Shock (safe; 2% risk of failure)
Press: ? - help, Q - select action, (/) - cycle Shift-Dir - straight line, f - hobgoblin zombie
Aim: a hobgoblin zombie (90% to hit)
The zap hits the hobgoblin zombie.
* * * LOW HITPOINT WARNING * * *
😱 HP[-1]
You take 1 damage, and now have 9/40 hp.
Aiming: Shock (safe; 2% risk of failure)
Press: ? - help, Q - select action, (/) - cycle Shift-Dir - straight line, f/p - hobgoblin zombie
Aim: a hobgoblin zombie (heavily damaged, 90% to hit)
The zap hits the hobgoblin zombie.
You destroy the hobgoblin zombie!
* * * LOW HITPOINT WARNING * * *
Aiming: Shock (safe; 2% risk of failure)
Press: ? - help, Q - select action, (/) - cycle Shift-Dir - straight line, f - you That beam is likely to hit you.
Continue anyway? [Y]es or [N]o only, please.
That beam is likely to hit you.
Continue anyway? [Y]es or [N]o only, please.
That beam is likely to hit you.
Continue anyway? [Y]es or [N]o only, please.
That beam is likely to hit you.
Continue anyway?
Okay, then.
You start resting.
A mummy is nearby! 😱 HP[+1] Unknown command.
Unknown command.
Casting: Shock (safe; 2% risk of failure)
Confirm with . or Enter, or press ? or * to list all spells.
Okay, then. 😨 HP[+1]
Casting: Shock (safe; 2% risk of failure)
Confirm with . or Enter, or press ? or * to list all spells.
Okay, then.
Casting: Shock (safe; 2% risk of failure)
Confirm with . or Enter, or press ? or * to list all spells.
The spell is quite dangerous to miscast (26% risk of failure)!
Continue anyway?
Aiming: Airstrike (quite dangerous; 26% risk of failure)
Press: ? - help, Dir - move target, f - mummy
Aim: a mummy (empty space bonus: 8/8)
You miscast Airstrike.
You are very lightly contaminated with residual magic.
Sparks of electricity dance around you!
You die...

Skill      XL: |  1  2  3  4  5  6 |
---------------+-------------------+-----
Dodging        | 3 4 5 |  5.1
Spellcasting   | 3 4 |  4.1
Stealth        | |  1.5

Action                     |  1- 3 |  4- 6 || total
---------------------------+-------+-------++-------
  Melee: Unarmed           |     1 |     6 ||     7
   Cast: Shock             |    70 |   116 ||   186
         Static Discharge  |     1 |     7 ||     8
         Airstrike         |       |     2 ||     2
         Wereblood         |       |     3 ||     3
    Use: Scroll            |       |     3 ||     3
         Potion            |       |     1 ||     1
 Armour: Robe              |     3 |     8 ||    11
  Dodge: Dodged            |     6 |    33 ||    39

Levels and vault maps discovered:
D:1:      mainiacjoe_arrival_reflecting_pool, layout_loops_corners,
          minmay_misc_feat_five
D:2:      layout_basic, uniq_jessica
D:3:      layout_basic, kennysheep_generic_room_12
D:6:      cheibrodos_iron_armory, layout_loops_ring, general_overflow_altar,
          enter_ossuary_5, nicolae_shop_distant_corner_stores, uniq_grinder
Ossuary:  ossuary_tomb_1

Notes
Turn   | Place    | Note
-------+----------+-------------------------------------------
     0 | D:1      | ytrimaz the Djinni Air Elementalist began the quest for the
                  | Orb.
     0 | D:1      | ytrimaz set off with the following spells memorised: Shock,
                  | Static Discharge, Swiftness, Airstrike.
     0 | D:1      | Reached XP level 1. HP: 15/15 MP: 0/0
     0 | D:1      | magus.rc [v1.9.6]
   132 | D:1      | Reached XP level 2. HP: 15/21 MP: 0/0
   589 | D:1      | Reached skill level 3 in Dodging
   589 | D:1      | Reached XP level 3. HP: 24/25 MP: 0/0
   589 | D:1      | Learned a level 1 spell: Sting
  1084 | D:2      | Reached skill level 3 in Spellcasting
  1125 | D:2      | Reached XP level 4. HP: 27/31 MP: 0/0
  1464 | D:2      | Noticed Jessica
  1472 | D:2      | Killed Jessica
  1473 | D:2      | Reached skill level 4 in Dodging
  1629 | D:3      | Reached XP level 5. HP: 24/35 MP: 0/0
  1629 | D:3      | Learned a level 2 spell: Wereblood
  1914 | D:3      | You are sucked into a shaft and drop 3 floors!
  1941 | D:6      | Noticed a sky beast
  1960 | D:6      | Found a sand-covered staircase.
  1965 | Ossuary  | Entered an ossuary
  2344 | Ossuary  | Reached XP level 6. HP: 20/40 MP: 0/0
  2408 | Ossuary  | Reached skill level 5 in Dodging
  2408 | Ossuary  | Reached skill level 4 in Spellcasting
  2435 | Ossuary  | Killed by miscasting Airstrike

Vanquished Creatures
  3 human zombies (Ossuary)
  Jessica (D:2)
  A mummy (Ossuary)
  3 gnolls (D:3)
  4 adders
  An ufetubus (D:6)
  An adder zombie (Ossuary)
  8 bats
  7 endoplasms
  2 giant cockroaches
  3 goblins
  8 hobgoblins
  3 quokkas
  5 ball pythons
  3 frilled lizards
  A goblin zombie (Ossuary)
  9 hobgoblin zombies (Ossuary)
  5 kobolds
  11 kobold zombies (Ossuary)
  6 orc zombies (Ossuary)
  3 rats
88 creatures vanquished.

Table legend:
 A = Non-vault XP
 B = Vault XP
 C = Vault XP percentage of total XP
 D = Non-vault monster count
 E = Vault monster count
 F = Vault count percentage of total count
                 A         B        C        D         E       F
            +---------+---------+-------+---------+---------+-------
      Total |     182 |     215 |  54.2 |      55 |      33 |  37.5
            +---------+---------+-------+---------+---------+-------
        D:1 |      47 |       0 |   0.0 |      29 |       0 |   0.0
        D:2 |      52 |      37 |  41.6 |      17 |       1 |   5.6
        D:3 |      75 |       0 |   0.0 |       8 |       0 |   0.0
        D:6 |       8 |       0 |   0.0 |       1 |       0 |   0.0
    Ossuary |       0 |     178 | 100.0 |       0 |      32 | 100.0
            +---------+---------+-------+---------+---------+-------

Skill      XL: |  1  2  3  4  5  6 |
---------------+-------------------+-----
Dodging        | 3 4 5 |  5.1
Spellcasting   | 3 4 |  4.1
Stealth        | |  1.5

Action                     |  1- 3 |  4- 6 || total
---------------------------+-------+-------++-------
  Melee: Unarmed           |     1 |     6 ||     7
   Cast: Shock             |    70 |   116 ||   186
         Static Discharge  |     1 |     7 ||     8
         Airstrike         |       |     2 ||     2
         Wereblood         |       |     3 ||     3
    Use: Scroll            |       |     3 ||     3
         Potion            |       |     1 ||     1
 Armour: Robe              |     3 |     8 ||    11
  Dodge: Dodged            |     6 |    33 ||    39

Illustrated notes

Table legend:
 A = Kills in this place as a percentage of kills in the entire game.
 B = Kills by you in this place as a percentage of kills by you in the entire game.
 C = Kills by friends in this place as a percentage of kills by friends in the entire game.
 D = Other kills in this place as a percentage of other kills in the entire game.
 E = Experience gained in this place as a percentage of experience gained in the entire game.
 F = Experience gained in this place divided by the number of levels of this place that you have seen.
                   A       B       C       D       E      F
               +-------+-------+-------+-------+-------+----------------------
         Total | 100.0 | 100.0 |   N/A |   N/A | 100.0 |  79.4
       Dungeon |  63.6 |  63.6 |   N/A |   N/A |  55.2 |  54.8
       Ossuary |  36.4 |  36.4 |   N/A |   N/A |  44.8 | 178.0
               +-------+-------+-------+-------+-------+----------------------

Table legend: (Time is in decaauts)
 A = Elapsed time spent in this place.
 B = Non-inter-level travel time spent in this place.
 C = Inter-level travel time spent in this place.
 D = Time resting spent in this place.
 E = Time spent auto-exploring this place.
 F = Levels seen in this place.
 G = Mean time per level.
                   A        B        C        D        E       F      G
               +--------+--------+--------+--------+--------+-----+--------+
         Total |   2433 |   2398 |     35 |    202 |   1791 |   5 |  486.6 |
       Dungeon |   1963 |   1928 |     35 |      0 |   1692 |   4 |  490.8 |
       Ossuary |    469 |    469 |      0 |    202 |     99 |   1 |  469.0 |
               +--------+--------+--------+--------+--------+-----+--------+

Top non-repeatable levels by time:
     D:1: 1070 daAuts
     D:2: 516 daAuts
 Ossuary: 469 daAuts
     D:3: 326 daAuts
     D:6: 50 daAuts
